details: 'real shit 3 stabber game'

« prev index next »

General information

Mini Map

Players

team 1
UndeadDONTTASEMEBRO (orange | 116 APM | 544 actions | 04:41)
Hero icon 1 Death Knight
Ability icon 1 Death Coil
Hero icon 1 Blademaster
Ability icon 1 Wind Walk

» actions
Assign group hotkey14
Basic commands17
Build / train28
Enter build submenu13
Enter hero's abilities submenu2
Remove unit from queue2
Right click151
Select / deselect198
Select group hotkey99
Use ability20
544 total
» units
Acolyte3
Ghoul3
Crypt Fiend4
Peon2
Grunt2
14 total
» upgrades
Pillage
0 total
» buildings
Graveyard1
Crypt1
Altar of Darkness1
Ziggurat2
Tomb of Relics2
Barracks1
War Mill1
Nerubian Tower1
Stronghold2
Halls of the Dead2
14 total
» build order
00:05 Graveyard
00:07 Crypt
00:40 Altar of Darkness
00:55 Ziggurat
01:34 Tomb of Relics
01:35 Tomb of Relics
02:14 Barracks
02:35 Ziggurat
03:25 War Mill
03:40 Nerubian Tower
03:58 Stronghold
04:30 Halls of the Dead
04:31 Halls of the Dead
» items
Rod of Necromancy3
3 total
Random» OrcDaBu (yellow | 53 APM | 950 actions | 18:01)
Hero icon 5 Blademaster
Ability icon 2 Wind Walk
Ability icon 3 Critical Strike
Hero icon 4 Shadow Hunter
Ability icon 2 Hex
Ability icon 2 Healing Wave
Hero icon 1 Death Knight
Ability icon 1 Unholy Aura

» actions
Assign group hotkey56
Basic commands36
Build / train81
ESC pressed1
Enter build submenu32
Enter hero's abilities submenu10
Give item / drop item6
Right click246
Select / deselect226
Select group hotkey196
Use ability60
950 total
» units
Peon14
Troll Headhunter/Berserker3
Tauren7
Acolyte10
Ghoul1
Frost Wyrm6
41 total
» upgrades
Melee Weapons3
Reinforced Defenses2
Armor3
Creature Attack2
Creature Carapace2
Pulverize2
14 total
» buildings
Orc Burrow8
Altar of Storms1
Barracks2
War Mill1
Stronghold1
Fortress2
Great Hall1
Tauren Totem6
Black Citadel2
Spirit Tower2
Ziggurat7
Sacrificial Pit1
Boneyard3
37 total
» build order
00:30 Orc Burrow
01:26 Altar of Storms
01:55 Barracks
02:10 Orc Burrow
02:17 War Mill
02:28 Barracks
03:03 Orc Burrow
03:13 Stronghold
05:52 Fortress
06:21 Great Hall
06:34 Fortress
07:17 Orc Burrow
08:17 Orc Burrow
08:19 Tauren Totem
08:22 Tauren Totem
08:50 Black Citadel
08:50 Black Citadel
08:52 Spirit Tower
08:55 Ziggurat
08:57 Ziggurat
09:14 Orc Burrow
09:17 Orc Burrow
09:35 Sacrificial Pit
09:59 Tauren Totem
10:02 Tauren Totem
10:06 Tauren Totem
10:19 Tauren Totem
12:00 Boneyard
12:03 Boneyard
12:05 Boneyard
12:27 Orc Burrow
13:12 Ziggurat
13:14 Ziggurat
13:16 Ziggurat
13:21 Ziggurat
13:22 Ziggurat
15:21 Spirit Tower
» items
Healing Salve2
Potion of Healing2
Scroll of Speed1
Orb of Lightning2
7 total
OrcATOMRPG (red | 118 APM | 2648 actions | 22:25)
Hero icon 4 Blademaster
Ability icon 2 Wind Walk
Ability icon 2 Critical Strike
Hero icon 2 Shadow Hunter
Ability icon 1 Hex
Ability icon 1 Healing Wave
Hero icon 1 Tauren Chieftain
Ability icon 1 War Stomp

» actions
Assign group hotkey96
Basic commands36
Build / train98
Enter build submenu28
Enter hero's abilities submenu7
Give item / drop item7
Right click1015
Select / deselect350
Select group hotkey898
Use ability113
2648 total
» units
Peon11
Grunt3
Troll Headhunter/Berserker9
Shaman4
Tauren2
Goblin Shredder2
Raider1
32 total
» upgrades
Armor3
Pillage1
Berserker Strength1
Ranged Weapons3
Berserker Upgrade1
Shaman Training2
Reinforced Defenses1
Pulverize1
Melee Weapons2
Troll Regeneration1
16 total
» buildings
Orc Burrow5
Altar of Storms1
Barracks1
Voodoo Lounge1
War Mill1
Stronghold3
Watch Tower10
Fortress2
Spirit Lodge1
Tauren Totem1
Great Hall2
Beastiary1
29 total
» build order
00:05 Orc Burrow
00:26 Orc Burrow
00:52 Altar of Storms
01:29 Barracks
01:41 Voodoo Lounge
02:11 War Mill
03:14 Orc Burrow
04:18 Stronghold
04:18 Stronghold
04:32 Watch Tower
04:44 Watch Tower
05:00 Watch Tower
07:02 Orc Burrow
07:27 Fortress
07:27 Fortress
08:00 Watch Tower
08:32 Spirit Lodge
11:20 Tauren Totem
13:04 Great Hall
14:42 Watch Tower
14:44 Watch Tower
15:19 Beastiary
15:30 Orc Burrow
15:34 Watch Tower
20:35 Great Hall
20:37 Watch Tower
21:47 Watch Tower
21:49 Watch Tower
» items
Healing Salve4
Lesser Clarity Potion4
Gloves of Haste3
Claws of Attack +61
Orb of Lightning3
Boots of Speed2
Claws of Attack +91
Periapt of Vitality1
Staff of Teleportation1
Replenishment Potion1
Mana Stone1
22 total
OrcILuv(.)(.)nAss. (green | 25 APM | 49 actions | 01:59)

» actions
Build / train10
Enter build submenu4
Right click18
Select / deselect13
Use ability4
49 total
» units
Peon9
9 total
» upgrades
Pillage1
1 total
» buildings
Orc Burrow2
Altar of Storms1
Voodoo Lounge1
4 total
» build order
00:24 Orc Burrow
00:35 Altar of Storms
00:54 Voodoo Lounge
01:57 Orc Burrow
team 2
Random» Humandopeskies (teal | 82 APM | 1567 actions | 19:03)
Hero icon 3 Paladin
Ability icon 2 Holy Light
Ability icon 1 Devotion Aura

» actions
Assign group hotkey22
Basic commands73
Build / train56
ESC pressed15
Enter build submenu35
Enter hero's abilities submenu3
Give item / drop item2
Right click719
Select / deselect237
Select group hotkey324
Use ability80
1567 total
» units
Peasant15
Rifleman8
23 total
» upgrades
Long Rifles1
Lumber Harvesting1
Gunpowder1
Masonry1
4 total
» buildings
Lumber Mill1
Altar of Kings2
Farm6
Blacksmith1
Barracks2
Scout Tower11
Arcane Tower4
Town Hall2
Keep2
Arcane Vault1
Guard Tower4
Castle1
Gryphon Aviary3
40 total
» build order
00:22 Lumber Mill
00:50 Altar of Kings
01:06 Farm
01:21 Blacksmith
01:36 Barracks
01:38 Barracks
01:49 Farm
02:44 Farm
02:50 Scout Tower
03:19 Arcane Tower
04:00 Town Hall
04:10 Scout Tower
04:21 Keep
04:41 Arcane Tower
04:46 Scout Tower
05:05 Arcane Vault
06:43 Scout Tower
07:16 Guard Tower
09:00 Scout Tower
09:17 Arcane Tower
09:19 Scout Tower
09:20 Scout Tower
09:22 Scout Tower
10:14 Castle
10:22 Scout Tower
10:23 Scout Tower
10:24 Scout Tower
10:53 Guard Tower
11:17 Farm
11:35 Town Hall
11:54 Guard Tower
12:20 Farm
13:25 Guard Tower
14:51 Gryphon Aviary
14:58 Gryphon Aviary
15:26 Gryphon Aviary
16:52 Altar of Kings
17:26 Farm
» items
Scroll of Regeneration2
Scroll of Town Portal2
Ivory Tower4
Potion of Healing2
Staff of Sanctuary1
11 total
Random» HumanMustache_ (pink | 51 APM | 1123 actions | 21:51)
Hero icon 4 Mountain King
Ability icon 2 Storm Bolt
Ability icon 2 Bash
Hero icon 3 Blood Mage
Ability icon 2 Banish
Ability icon 1 Siphon Mana

» actions
Assign group hotkey6
Basic commands2
Build / train70
Enter build submenu20
Enter hero's abilities submenu7
Give item / drop item1
Right click623
Select / deselect284
Select group hotkey42
Use ability68
1123 total
» units
Peasant18
Footman9
Gryphon Rider7
34 total
» upgrades
Swords3
Armor4
Masonry1
Storm Hammers1
Lumber Harvesting1
10 total
» buildings
Altar of Kings1
Farm11
Lumber Mill1
Scout Tower6
Barracks1
Arcane Tower2
Arcane Vault2
Blacksmith1
Town Hall2
Guard Tower3
Keep1
Castle1
Gryphon Aviary3
35 total
» build order
00:14 Altar of Kings
00:17 Farm
00:22 Farm
01:01 Lumber Mill
01:07 Scout Tower
01:16 Barracks
01:26 Farm
02:11 Farm
02:19 Arcane Tower
02:33 Arcane Vault
02:39 Arcane Vault
03:02 Farm
03:47 Blacksmith
04:34 Town Hall
04:38 Scout Tower
04:39 Scout Tower
04:40 Scout Tower
04:46 Scout Tower
04:47 Scout Tower
05:14 Arcane Tower
05:16 Guard Tower
05:48 Guard Tower
05:50 Guard Tower
06:22 Keep
06:26 Farm
07:48 Farm
07:50 Farm
07:51 Farm
09:18 Castle
09:20 Gryphon Aviary
09:21 Gryphon Aviary
09:27 Gryphon Aviary
15:27 Town Hall
15:40 Farm
15:41 Farm
» items
Scroll of Regeneration2
Lesser Clarity Potion3
Potion of Healing2
Scroll of Town Portal1
Orb of Fire1
Potion of Lesser Invulnerability1
10 total
OrcBEEBOP (purple | 48 APM | 1078 actions | 22:25)
Hero icon 6 Blademaster
Ability icon 3 Wind Walk
Ability icon 2 Critical Strike
Ability icon 1 Bladestorm

» actions
Assign group hotkey28
Basic commands63
Build / train55
Enter build submenu46
Enter hero's abilities submenu6
Give item / drop item9
Remove unit from queue2
Right click425
Select / deselect242
Select group hotkey86
Use ability116
1078 total
» units
Peon8
Grunt4
Goblin Shredder1
Goblin Zeppelin3
Goblin Sapper11
27 total
» upgrades
Ranged Weapons3
Armor2
Reinforced Defenses1
6 total
» buildings
Orc Burrow4
Altar of Storms2
Barracks1
Voodoo Lounge1
Stronghold1
Great Hall1
War Mill2
Fortress2
Watch Tower38
52 total
» build order
00:14 Orc Burrow
00:53 Altar of Storms
00:55 Barracks
01:06 Orc Burrow
01:52 Voodoo Lounge
03:40 Stronghold
04:09 Altar of Storms
04:18 Great Hall
05:14 War Mill
05:16 Orc Burrow
05:30 Orc Burrow
06:49 Fortress
07:22 Watch Tower
07:22 Watch Tower
07:23 Watch Tower
07:24 Watch Tower
08:51 Watch Tower
08:52 Watch Tower
08:52 Watch Tower
08:53 Watch Tower
08:56 War Mill
13:06 Watch Tower
13:06 Watch Tower
13:07 Watch Tower
13:12 Watch Tower
13:13 Watch Tower
13:13 Watch Tower
13:14 Watch Tower
13:14 Watch Tower
14:37 Watch Tower
14:38 Watch Tower
14:39 Watch Tower
14:39 Watch Tower
14:40 Watch Tower
14:47 Watch Tower
14:48 Watch Tower
14:49 Watch Tower
14:50 Watch Tower
14:51 Watch Tower
14:52 Watch Tower
14:54 Watch Tower
14:55 Watch Tower
14:57 Watch Tower
14:58 Watch Tower
17:03 Watch Tower
17:03 Watch Tower
17:03 Watch Tower
17:22 Watch Tower
17:22 Watch Tower
17:23 Watch Tower
17:23 Watch Tower
» items
Healing Salve5
Gloves of Haste2
Orb of Lightning1
Scroll of Healing1
Potion of Greater Healing1
10 total
OrcCANTSTUMPTRUMP (blue | 55 APM | 1242 actions | 22:25)
Hero icon 5 Blademaster
Ability icon 2 Wind Walk
Ability icon 3 Critical Strike

» actions
Assign group hotkey20
Basic commands96
Build / train49
Enter build submenu20
Enter hero's abilities submenu5
Give item / drop item3
Right click439
Select / deselect170
Select group hotkey371
Use ability68
1242 total
» units
Peon12
Goblin Shredder1
Wind Rider5
Goblin Sapper5
23 total
» upgrades
Ranged Weapons2
Reinforced Defenses1
Armor2
Envenomed Spears1
6 total
» buildings
Altar of Storms1
Orc Burrow6
Voodoo Lounge1
Stronghold3
War Mill1
Great Hall1
Watch Tower17
Beastiary3
Fortress2
35 total
» build order
00:06 Altar of Storms
00:21 Orc Burrow
00:57 Voodoo Lounge
02:05 Stronghold
02:06 Stronghold
02:29 Orc Burrow
02:31 Orc Burrow
02:32 Orc Burrow
02:43 War Mill
03:41 Great Hall
05:49 Watch Tower
05:49 Watch Tower
05:49 Watch Tower
06:06 Beastiary
06:16 Beastiary
06:25 Fortress
06:25 Fortress
07:11 Watch Tower
07:11 Watch Tower
07:14 Watch Tower
07:21 Beastiary
08:32 Orc Burrow
10:44 Orc Burrow
10:48 Watch Tower
10:49 Watch Tower
10:50 Watch Tower
11:53 Watch Tower
11:58 Watch Tower
11:58 Watch Tower
14:23 Watch Tower
14:24 Watch Tower
14:24 Watch Tower
15:37 Watch Tower
15:37 Watch Tower
» items
Healing Salve2
Lesser Clarity Potion1
Scroll of Town Portal1
Staff of Teleportation1
5 total

Chat log

(00:06 / All) BEEBOP: *wry smile*
(00:14 / All) CANTSTUMPTRUMP: lawl
(00:17 / Allies) ILuv(.)(.)nAss.: ojs a poser on an old a ccount
(00:23 / Allies) DONTTASEMEBRO: rofl
(00:24 / Allies) DONTTASEMEBRO: k
(00:31 / Allies) ATOMRPG: oj is a poser?
(00:32 / Allies) ATOMRPG: what
(00:38 / Allies) DaBu: ?
(00:40 / Allies) ILuv(.)(.)nAss.: definitely
(00:49 / Allies) ATOMRPG: the fuck does that even mean in this context
(01:02 / Allies) DONTTASEMEBRO: hes implying im not me
(01:13 / Allies) ATOMRPG: why the hell would someone impersonate another user in wc3
(01:18 / Allies) DONTTASEMEBRO: after i carry he'll change mind
(01:18 / All) BEEBOP: I wish dark skyes got made
(01:23 / All) BEEBOP: pony dating sim
(01:35 / Allies) DaBu: im getting distracted
(01:47 / All) CANTSTUMPTRUMP: woot trump is gonna allow protestors to get run over by cars
(01:47 / All) BEEBOP: i woulda romanced chet because hes a jock just like me
(01:59 / All) BEEBOP: love trump's hate

(03:19 / All) BEEBOP: teal easy base, top outside
(03:25 / All) CANTSTUMPTRUMP: prup stfu lol
(03:31 / All) CANTSTUMPTRUMP: it is easy, though
(03:35 / All) BEEBOP: only now getting mana tower

(04:41 / All) ATOMRPG: kill yourself orange
(04:47 / Allies) DaBu: laghack?

(08:07 / Allies) ATOMRPG: hit

(11:42 / All) BEEBOP: I LIKE CREEP

(13:29 / All) dopeskies: ihy ;(
(13:34 / All) ATOMRPG: lol

(17:23 / Allies) DaBu: next

(18:36 / All) BEEBOP: this game succed
(18:46 / All) ATOMRPG: no kidding
(19:26 / All) BEEBOP: why not

(20:30 / All) ATOMRPG: real shit items from all the marketplaces too
(20:41 / All) BEEBOP: I got double glove
(21:25 / All) BEEBOP: because it's fun
(21:32 / All) BEEBOP: isn't that the point of the game?
(21:38 / All) BEEBOP: how isn't it fun?>
(21:54 / All) BEEBOP: lawl
(21:59 / All) ATOMRPG: what a shit game
(22:05 / All) CANTSTUMPTRUMP: we cant end the night on this
(22:12 / All) BEEBOP: 3 lose?
(22:23 / All) ATOMRPG: k my team lose
(22:24 / All) BEEBOP: teal 12-7